 Dungeon Crawl Stone Soup version 0.20-a0-201-g851c6fa (webtiles) character file.

126 patrickswayze the Sneak (level 4, -5/27 HPs)
             Began as a Deep Elf Chaos Knight on Nov 25, 2016.
             Slain by a fire vortex (14 damage)
             ... summoned by the capriciousness of Xom
             ... on level 3 of the Dungeon.
             The game lasted 00:03:46 (2545 turns).

patrickswayze the Sneak (Deep Elf Chaos Knight)     Turns: 2545, Time: 00:03:46

Health: -5/27      AC:  5    Str:  9    XL:     4   Next: 83%
Magic:  6/6        EV: 12    Int: 17    God:    Xom [*.....]
Gold:   119        SH:  0    Dex: 15    Spells: 3/3 levels left

rFire  . . .     SeeInvis .     a - +0 short sword (chaos)
rCold  . . .     Gourm    .     b - +2 leather armour
rNeg   . . .     Faith    .     (no shield)
rPois  .         Spirit   .     (no helmet)
rElec  .         Reflect  .     (no cloak)
rCorr  .         Harm     .     (no gloves)
MR     .....                    (no boots)
Stlth  +++.......               (no amulet)
                                (no ring)
                                l - +1 ring of slaying {mikee}

@: no status effects
A: no striking features
a: Renounce Religion


You were on level 3 of the Dungeon.
You worshipped Xom.
You were a special plaything of Xom.
You were not hungry.

You visited 1 branch of the dungeon, and saw 3 of its levels.

You collected 119 gold pieces.


   Skills:
 - Level 2.4 Fighting
 - Level 3.0 Short Blades
 - Level 0.7 Armour
 - Level 2.4 Dodging
 + Level 6.0 Stealth


You had 3 spell levels left.
You didn't know any spells.

Inventory:

Hand Weapons
 a - a +0 short sword of chaos (weapon)
Missiles
 n - 49 stones
 o - 7 javelins of penetration (quivered)
Armour
 b - a +2 leather armour (worn)
Jewellery
 l - a +1 ring of slaying (left hand) {mikee}
 q - an uncursed ring of stealth {unknown}
Wands
 t - a wand of random effects (17/48)
 x - a wand of acid (9/15)
Scrolls
 d - 2 scrolls of recharging
 g - 2 scrolls of teleportation
 k - a scroll of amnesia {unknown}
 p - 2 scrolls of blinking
 v - a scroll of fog {unknown}
 w - a scroll of remove curse {unknown}
Potions
 e - a potion of flight {unknown}
 f - 2 potions of agility {unknown}
 i - 2 potions of heal wounds {unknown}
 m - a potion of invisibility {unknown}
 r - 2 potions of curing {unknown}
 s - a potion of cancellation {unknown}
 u - a potion of cure mutation {unknown}
Comestibles
 c - 3 bread rations
 h - 2 fruits
 j - 6 meat rations
 z - 5 chunks of flesh


Message History

a club; a hobgoblin corpse You butcher the hobgoblin corpse.
z - 6 chunks of flesh (gained 1)
You see here a club.
You start resting.
Eating one of 6 chunks of flesh.
You start eating one of the 6 chunks of flesh.
This raw flesh tastes terrible.
Xom giggles.
You are blasted with fire.
Ouch! That really hurt!
* * * LOW HITPOINT WARNING * * *
You start resting.
Xom's power touches on you for a moment.
Fire whirls out from your ears!
A fire vortex comes into view.
A fire vortex is nearby!
You see here a club.
The fire vortex hits you. The fire vortex burns you!
Ouch! That really hurt!
You die...

..# #.# ..# #.# ..#
#.# #.# ... ..#.#
#.# ..## #.#.# #.#
..# #.#.# #.# #
..#.# #.#
#.##.#.###########.#
...#.#..@).......#
#.##.#.#.###########
#......).#
####.#.### #.#[#
..#.# ####.# ..# ###


There were no monsters in sight!

Vanquished Creatures
  6 adders
  3 leopard geckos
  3 orcs (D:3)
  A ball python (D:2)
  3 giant cockroaches
  4 goblins
  9 hobgoblins
  6 jackals (D:1)
  5 kobolds
  2 quokkas (D:2)
  5 bats
  A frilled lizard (D:2)
  10 rats
58 creatures vanquished.

Vanquished Creatures (collateral kills)
  An orc (D:3)
1 creature vanquished.

Vanquished Creatures (others)
  An orc (D:3)
1 creature vanquished.

Grand Total: 60 creatures vanquished

Notes
Turn   | Place    | Note
-------+----------+-------------------------------------------
     0 | D:1      | patrickswayze the Deep Elf Chaos Knight began the quest for the Orb.
     0 | D:1      | Reached XP level 1. HP: 13/13 MP: 3/3
    66 | D:1      | Found an iron altar of Okawaru.
   103 | D:1      | Reached skill level 1 in Stealth
   138 | D:1      | Reached skill level 2 in Stealth
   193 | D:1      | Reached XP level 2. HP: 16/18 MP: 4/4
   235 | D:1      | XOM: harmless Air miscast
   555 | D:1      | Reached skill level 3 in Stealth
   562 | D:1      | XOM: god gift: 5 meat rations
   977 | D:1      | XOM: god gift: 7 javelins of penetration
  1078 | D:2      | Reached XP level 3. HP: 18/22 MP: 5/5
  1093 | D:2      | XOM: 3-stop teleportation journey
  1153 | D:2      | Reached skill level 4 in Stealth
  1384 | D:2      | XOM: snakes to sticks
  1431 | D:2      | Reached XP level 4. HP: 11/27 MP: 6/6
  1445 | D:2      | XOM: 7-stop teleportation journey
  1648 | D:2      | Found a white marble altar of Elyvilon.
  1648 | D:2      | Found a hide-covered altar of Uskayaw.
  1704 | D:2      | Reached skill level 5 in Stealth
  1813 | D:2      | Found a radiant altar of Vehumet.
  1840 | D:2      | XOM: 6-stop teleportation journey
  1887 | D:2      | XOM: 5-stop teleportation journey
  2230 | D:3      | XOM: confuse monster(s)
  2457 | D:3      | Reached skill level 6 in Stealth
  2507 | D:3      | XOM: medium Fire miscast
  2507 | D:3      | HP: 5/27 [something (17)]
  2543 | D:3      | XOM: mild Fire miscast
  2545 | D:3      | Slain by a fire vortex

Vault maps used:
D:1:      minmay_arrival_nine_rooms, okawaru_ov_weapons_minmay
D:2:      gammafunk_temple_overflow_wave, overflow_temple_1_default,
          grunt_ministairs_12, minmay_misc_feat_cross
D:3:      grunt_ministairs_14

Action                   |  1- 3 |  4- 6 || total
-------------------------+-------+-------++-------
Melee: Short sword       |   119 |    75 ||   194
  Use: Scroll            |     3 |     1 ||     4
 Stab: Paralysed         |     1 |     1 ||     2
       Sleeping          |     1 |     3 ||     4
  Eat: Chunk             |     2 |     3 ||     5
Armor: Leather armour    |    50 |    32 ||    82
Dodge: Dodged            |    71 |    55 ||   126
